 Dungeon Crawl Stone Soup version 0.30-a0-723-gc1506a1cf0 (webtiles) character file.

Game seed: 7842291534736522445

362 Leeroy the Grasshopper (level 6, 0/51 HPs)
             Began as a Gnoll Warper on Jan 28, 2023.
             Was an Initiate of Okawaru.
             Slain by Pikel
             ... wielding a +0 whip of flaming
              (2 damage)
             ... on level 3 of the Dungeon.
             The game lasted 00:06:52 (2813 turns).

Leeroy the Grasshopper (Gnoll Warper)               Turns: 2813, Time: 00:06:53

Health: 0/51       AC:  8    Str: 11    XL:     6   Next: 66%
Magic:  12/14      EV: 13    Int: 12    God:    Okawaru [......]
Gold:   140        SH:  0    Dex: 13    Spells: 3/15 levels left

rFire   . . .      SeeInvis .    m - +0 long sword
rCold   . . .      Faith    .    (no shield)
rNeg    . . .      Spirit   .    v - +0 troll leather armour
rPois   .          Reflect  .    (no helmet)
rElec   .          Harm     .    (no cloak)
rCorr   .          Rampage  .    (no gloves)
Will    .....                    (no boots)
Stlth   ++                       f - amulet of regeneration
HPRegen 1.88/turn                o - +4 ring of protection
MPRegen 0.14/turn                r - ring of wizardry

@: on blink cooldown
A: fangs 1, strong nose, distributed training
a: Renounce Religion


You were on level 3 of the Dungeon.
You worshipped Okawaru.
Okawaru was noncommittal.
You visited 1 branch of the dungeon, and saw 4 of its levels.

You collected 140 gold pieces.

Inventory:

Hand Weapons
 a - a +0 falchion
 g - a +1 dagger of protection
 m - a +0 long sword (weapon)
Missiles
 d - 7 boomerangs of dispersal (quivered)
 i - 6 poisoned darts
 u - 2 boomerangs
Armour
 b - a +0 leather armour
 v - a +0 troll leather armour (worn)
 w - a +0 pair of boots
Magical Staves
 l - a staff of fire
Jewellery
 f - an amulet of regeneration (around neck)
 o - a +4 ring of protection (left hand)
 r - a ring of wizardry (right hand)
Scrolls
 c - 2 scrolls of teleportation {unknown}
 e - 5 scrolls of identify {unknown}
 h - a scroll of poison {unknown}
 n - a scroll of enchant weapon {unknown}
 q - a scroll of enchant armour {unknown}
Potions
 j - 2 potions of heal wounds {unknown}
 k - 2 potions of lignification {unknown}
 p - a potion of cancellation {unknown}
 s - a potion of ambrosia {unknown}
 t - a potion of flight {unknown}
 x - a potion of attraction {unknown}
 z - a potion of brilliance {unknown}


   Skills:
 + Level 5.0 Fighting
 + Level 2.1 Short Blades
 + Level 5.0 Long Blades
 + Level 2.1 Axes
 + Level 2.1 Maces & Flails
 + Level 2.1 Polearms
 + Level 2.1 Staves
 + Level 2.1 Ranged Weapons
 + Level 3.3 Throwing
 + Level 3.3 Armour
 + Level 5.0 Dodging
 + Level 2.1 Stealth
 + Level 2.1 Shields
 + Level 2.1 Unarmed Combat
 + Level 5.4 Spellcasting
 + Level 1.7 Conjurations
 + Level 1.7 Hexes
 + Level 1.7 Summonings
 + Level 1.7 Necromancy
 + Level 5.7 Translocations
 + Level 1.7 Transmutations
 + Level 1.7 Fire Magic
 + Level 1.7 Ice Magic
 + Level 1.7 Air Magic
 + Level 1.7 Earth Magic
 + Level 1.7 Poison Magic
 + Level 2.3 Invocations
 + Level 2.1 Evocations


You had 3 spell levels left.
You knew the following spells:

 Your Spells              Type           Power      Damage    Failure   Level
a - Blink                 Tloc           34%        N/A       1%          2
b - Teleport Other        Tloc           17%        N/A       2%          3
c - Vhi's Electric Charg  Tloc/Air       24%        N/A       6%          3
d - Manifold Assault      Tloc           17%        N/A       9%          4

Your spell library contained the following spells:

 Spells                   Type           Power      Damage    Failure   Level
 Apportation              Tloc           34%        N/A       1%          1
 Lesser Beckoning         Tloc           34%        N/A       1%          2
 Beastly Appendage        Tmut           14%        N/A       4%          1
 Magic Dart               Conj           28%        1d4       4%          1
 Searing Ray              Conj           14%        2d5       8%          2
 Wereblood                Tmut           7%         N/A       8%          2
 Spider Form              Tmut/Pois      7%         N/A       14%         3
 Fulminant Prism          Conj/Hex       3%         3d5       41%         4
 Alistair's Intoxication  Tmut/Pois      4%         N/A       75%         5
 Summon Ice Beast         Ice/Summ       Unusable   N/A       N/A         4
 Summon Mana Viper        Hex/Summ       Unusable   N/A       N/A         5
 Monstrous Menagerie      Summ           Unusable   N/A       N/A         7

Dungeon Overview and Level Annotations

Branches:
Dungeon (4/15)
 Temple: D:4-7

Altars:
Cheibriados
Fedhas
Okawaru
Vehumet
Wu Jian
Yredelemnul

Annotations:
D:3 Pikel


Innate Abilities, Weirdness & Mutations

You have very sharp teeth.
Your uncanny sense of smell can sniff out nearby items.
Your experience applies equally to all skills.


Message History

Pikel is heavily wounded.
Pikel hits you with a +0 whip of flaming.
Pikel burns you. The lemure misses you.
There is a stone staircase leading up here.
Pikel hits you but does no damage. The lemure hits you!
You climb upwards.
There is a stone staircase leading down here.
You slash Pikel!
Pikel is severely wounded.
The lemure hits you.
Pikel hits you with a +0 whip of flaming!
Pikel burns you.
You hit Pikel.
Pikel is severely wounded.
The lemure hits you but does no damage.
Pikel zaps a wand.
The puff of flame misses you.
The puff of flame hits the lemure.
You hit Pikel but do no damage.
Pikel is severely wounded.
The lemure barely misses you.
Pikel zaps a wand.
The puff of flame hits you! The lemure hits you.
Pikel hits you with a +0 whip of flaming!
* * * LOW HITPOINT WARNING * * *
Pikel burns you.
* * * LOW HITPOINT WARNING * * *
You barely miss Pikel. You bite Pikel, but do no damage.
Pikel is severely wounded.
The lemure closely misses you. Pikel hits you but does no damage.
Casting: Vhi's Electric Charge (dangerous; 6% risk of failure)
Confirm with . or Enter, or press ? or * to list all spells.
You blink.
Pikel hits you with a +0 whip of flaming.
* * * LOW HITPOINT WARNING * * *
Pikel burns you.
* * * LOW HITPOINT WARNING * * *
You closely miss Pikel.
Pikel is severely wounded.
Pikel hits you with a +0 whip of flaming!
* * * LOW HITPOINT WARNING * * *
Pikel burns you.
You die...

###................#.#....# #..
.###...............#.#....#######
.#.........###.#+#...#...........
##############.#.#...#....##.....
~~~~~~~~~~~~#..#.#...##...##.....
...........~#..#.#........##.....
...........~#..#.#...#..#.##.....
...♣♣♣♣♣...~#.[#..........##.....
.....♣.....~#.5K@..#########.....
..†.(♣(....~#.###### #.....
.♣♣♣♣8♣♣♣♣..'.# #.....
.....♣.....~### #########.....
.....♣.....~# #..........###
...♣♣♣♣♣...~# #.##########
...........~# #.# ...........~#
#.# ~~~~~~~~~~~~# #.#


You could see Pikel and a lemure.

Vanquished Creatures
  2 hounds (D:4)
  2 orc priests (D:3)
  An iguana (D:4)
  2 orc wizards (D:3)
  A gnoll (D:4)
  3 adders
  4 shadow imps (D:4)
  A white imp (D:4)
  An ufetubus (D:3)
  A worm (D:2)
  13 orcs
  6 bats
  4 endoplasms
  2 giant cockroaches
  6 goblins
  6 hobgoblins
  3 jackals (D:2)
  7 kobolds
  3 quokkas
  4 ball pythons
  5 frilled lizards
  5 rats
82 creatures vanquished.

Notes
Turn   | Place    | Note
-------+----------+-------------------------------------------
     0 | D:1      | Leeroy the Gnoll Warper began the quest for the Orb.
     0 | D:1      | Reached XP level 1. HP: 20/20 MP: 6/6
    92 | D:1      | Reached XP level 2. HP: 22/26 MP: 7/7
   225 | D:1      | Learned a level 2 spell: Blink
   627 | D:2      | Reached skill level 5 in Spellcasting
   627 | D:2      | Reached XP level 3. HP: 28/31 MP: 7/9
   773 | D:2      | Reached skill level 1 in Invocations
   912 | D:2      | Found an ornate altar of the Wu Jian Council.
   958 | D:2      | Reached skill level 1 in Short Blades
   958 | D:2      | Reached skill level 1 in Axes
   958 | D:2      | Reached skill level 1 in Maces & Flails
   958 | D:2      | Reached skill level 1 in Polearms
   958 | D:2      | Reached skill level 1 in Staves
   958 | D:2      | Reached skill level 1 in Ranged Weapons
   958 | D:2      | Reached skill level 1 in Stealth
   958 | D:2      | Reached skill level 1 in Shields
   958 | D:2      | Reached skill level 1 in Unarmed Combat
   958 | D:2      | Reached skill level 1 in Evocations
  1266 | D:3      | Reached XP level 4. HP: 38/38 MP: 11/11
  1349 | D:2      | Learned a level 3 spell: Teleport Other
  1353 | D:2      | Learned a level 3 spell: Vhi's Electric Charge
  1358 | D:2      | Learned a level 4 spell: Manifold Assault
  1372 | D:3      | Reached skill level 1 in Conjurations
  1372 | D:3      | Reached skill level 1 in Hexes
  1372 | D:3      | Reached skill level 1 in Summonings
  1372 | D:3      | Reached skill level 1 in Necromancy
  1372 | D:3      | Reached skill level 1 in Transmutations
  1372 | D:3      | Reached skill level 1 in Fire Magic
  1372 | D:3      | Reached skill level 1 in Ice Magic
  1372 | D:3      | Reached skill level 1 in Air Magic
  1372 | D:3      | Reached skill level 1 in Earth Magic
  1372 | D:3      | Reached skill level 1 in Poison Magic
  1609 | D:3      | Reached XP level 5. HP: 43/43 MP: 12/12
  2289 | D:4      | Found a radiant altar of Vehumet.
  2371 | D:4      | Reached XP level 6. HP: 44/50 MP: 14/14
  2420 | D:4      | Reached skill level 5 in Fighting
  2420 | D:4      | Reached skill level 5 in Long Blades
  2420 | D:4      | Reached skill level 5 in Dodging
  2640 | D:4      | Found a blossoming altar of Fedhas.
  2647 | D:4      | Found a basalt altar of Yredelemnul.
  2650 | D:4      | Found an ornate altar of the Wu Jian Council.
  2652 | D:4      | Found an iron altar of Okawaru.
  2667 | D:4      | Found a snail-covered altar of Cheibriados.
  2681 | D:4      | Became a worshipper of Warmaster Okawaru
  2697 | D:4      | Noticed Pikel
  2813 | D:3      | HP: 2/51 [Pikel/+0 whip of flaming (9)]
  2813 | D:3      | Slain by Pikel

Illustrated notes

Levels and vault maps discovered:
D:1:      wander_arrival_estate, layout_loops_ring, minmay_misc_feat_hallway
D:2:      layout_loops_ring, basic_altar
D:3:      layout_basic, kennysheep_generic_room_16
D:4:      layout_basic, nicolae_overflow_hallway_of_the_gods, vehumet_crystals,
          beargit_hepliaklqana_dungeon_heroes, serial_demonic, serial_demonic_f,
          serial_demonic_e, serial_demonic_a, serial_demonic_d,
          kennysheep_small_circle, uniq_pikel, uniq_blork_the_orc

Skill      XL: |  1  2  3  4  5  6 |
---------------+-------------------+-----
Spellcasting   | 5 |  5.4
Invocations    | 1 2 |  2.3
Short Blades   | 1 2 |  2.1
Axes           | 1 2 |  2.1
Maces & Flails | 1 2 |  2.1
Polearms       | 1 2 |  2.1
Staves         | 1 2 |  2.1
Ranged Weapons | 1 2 |  2.1
Stealth        | 1 2 |  2.1
Shields        | 1 2 |  2.1
Unarmed Combat | 1 2 |  2.1
Evocations     | 1 2 |  2.1
Conjurations   | 1 |  1.7
Hexes          | 1 |  1.7
Summonings     | 1 |  1.7
Necromancy     | 1 |  1.7
Transmutations | 1 |  1.7
Fire Magic     | 1 |  1.7
Ice Magic      | 1 |  1.7
Air Magic      | 1 |  1.7
Earth Magic    | 1 |  1.7
Poison Magic   | 1 |  1.7
Throwing       | 3 |  3.3
Armour         | 3 |  3.3
Fighting       | 5 |  5.0
Long Blades    | 5 |  5.0
Dodging        | 5 |  5.0
Translocations | |  5.7

Action                     |  1- 3 |  4- 6 || total
---------------------------+-------+-------++-------
  Melee: Falchion          |    72 |       ||    72
         Bite              |     7 |     8 ||    15
         Punch             |     1 |     5 ||     6
         Long sword        |    34 |   202 ||   236
   Cast: Manifold Assault  |       |     2 ||     2
         Vhi's Electric Ch |       |     1 ||     1
         Blink             |       |     1 ||     1
    Use: Scroll            |       |     1 ||     1
   Stab: Sleeping          |     1 |     2 ||     3
 Armour: Leather armour    |    37 |     8 ||    45
         Troll leather arm |       |   103 ||   103
  Dodge: Dodged            |    77 |   212 ||   289

Table legend: (Time is in decaauts)
 A = Elapsed time spent in this place.
 B = Non-inter-level travel time spent in this place.
 C = Inter-level travel time spent in this place.
 D = Time resting spent in this place.
 E = Time spent auto-exploring this place.
 F = Levels seen in this place.
 G = Mean time per level.
                   A        B        C        D        E       F      G
               +--------+--------+--------+--------+--------+-----+--------+
         Total |   2861 |   2733 |    128 |    220 |   1595 |   4 |  715.2 |
       Dungeon |   2861 |   2733 |    128 |    220 |   1595 |   4 |  715.2 |
               +--------+--------+--------+--------+--------+-----+--------+

Top non-repeatable levels by time:
     D:3: 1133 daAuts
     D:2: 747 daAuts
     D:1: 616 daAuts
     D:4: 364 daAuts
